 Dungeon Sprint DCSS version 0.27-a0-1154-gfdeffcb720 (webtiles) character file.

Game seed: 4260592518544392828

10 rocky1 the Shield-Bearer (level 2, -1/24 HPs)
             Began as a Formicid Fighter on May 15, 2021.
             Was a Believer of Cheibriados.
             Slain by a wolf (4 damage)
             ... in the Dungeon (Sprint VII: "The Pits").
             The game lasted 00:02:29 (214 turns).

rocky1 the Shield-Bearer (Formicid Fighter)          Turns: 214, Time: 00:02:29

Health: -1/24      AC:  9    Str: 25    XL:     2   Next: 30%
Magic:  3/3        EV:  8    Int: 12    God:    Cheibriados [**....]
Gold:   0          SH: 10    Dex: 15    Spells: 1/1 levels left

rFire    . . .     SeeInvis +   k - +0 hand axe (vorpal)
rCold    . . .     Faith    .   c - +0 kite shield
rNeg     . . .     Spirit   .   a - +3 scale mail
rPois    .         Reflect  .   (helmet unavailable)
rElec    .         Harm     .   (no cloak)
rCorr    .         Rampage  .   (no gloves)
Will     .....                  (no boots)
Stlth    ..........             (no amulet)
HPRegen  0.08/turn              (no ring)
MPRegen  0.08/turn              (no ring)

@: very slightly contaminated, invisible, very slow
A: permanent stasis, dig shafts and tunnels, antennae 3, four strong arms
a: Dig, Renounce Religion, Bend Time


You were in the Dungeon.
You worshipped Cheibriados.
Cheibriados was pleased with you.
You visited 1 branch

Inventory:

Hand Weapons
 k - a +0 vorpal hand axe (weapon)
Armour
 a - a +3 scale mail (worn)
 c - a +0 kite shield (worn)
Scrolls
 i - 5 scrolls of amnesia
 j - a scroll of summoning
Potions
 d - a potion of might
 e - 6 potions of curing
 f - 6 potions of heal wounds
 g - 4 potions of magic
 h - a potion of invisibility


   Skills:
 - Level 3.4 Fighting
 * Level 3.3 Axes
 - Level 3.4 Armour
 - Level 0.4 Dodging
 + Level 4.4 Shields
 + Level 1.8 Invocations


You had one spell level left.
You didn't know any spells.
Your spell library was empty.

Dungeon Overview and Level Annotations

Branches:
Dungeon (1/1)

Altars:
Ashenzari
Cheibriados
Dithmenos
Elyvilon
Fedhas
Gozag
Hepliaklqana
Kikubaaqudgha
Makhleb
Nemelex Xobeh
Okawaru
Qazlal
Ru
Sif Muna
Trog
Uskayaw
Vehumet
Wu Jian
Xom
Yredelemnul
Zin
The Shining One
Beogh
Jiyva
Lugonu


Innate Abilities, Weirdness & Mutations

You cannot be hasted, slowed, berserked, paralysed or teleported.
You can dig through walls and to a lower floor.
You have a pair of large antennae on your head. (SInv)
Your four strong arms can wield two-handed weapons with a shield.


Message History

You open the door.
There is an open door here.
You open the door.
A giant cockroach comes into view.
A wolf comes into view.
The wolf howls!
The wolf bites you but does no damage.
A river rat comes into view.
There is an open door here.
You block the wolf's attack. x2
You block the wolf's attack.
You fade into invisibility!
The wolf bites you. The wolf bites you but does no damage.
You are very lightly contaminated with residual magic.
You barely miss the wolf. You block the wolf's attack.
The wolf barely misses you.
You slash the wolf!
The wolf is heavily wounded.
You block the wolf's attack. The wolf completely misses you.
You hit the wolf but do no damage.
The wolf is heavily wounded.
The wolf bites you. The wolf barely misses you.
You closely miss the wolf.
The wolf is heavily wounded.
The wolf bites you but does no damage. You block the wolf's attack.
The wolf bites you!
* * * LOW HITPOINT WARNING * * *
You miss the wolf.
The wolf is heavily wounded.
You block the wolf's attack. The wolf bites you.
* * * LOW HITPOINT WARNING * * *
You hit the wolf but do no damage.
The wolf is heavily wounded.
The wolf bites you.
* * * LOW HITPOINT WARNING * * *
The wolf bites you but does no damage.
You hit the wolf.
The wolf is severely wounded.
The wolf bites you.
You die...

#...........'.....
#'#####'#####.....
#.#[[#..)..##.....
#.#))#####)#####'#
#.#))#.....##.....
#.#))#.....##.....
#.#..###)####.....
#.##'#.....##...<.
#@#........##.....
#h#........##.....
#B###########.....
#......{#{{ ######
#..###r.#{ #...{ {
{ ##.## ..{ .#


You could see a wolf and a giant cockroach.

Vanquished Creatures
  An orc (D)
  An endoplasm (D)
  2 goblins (D)
  A kobold (D)
  A ball python (D)
  A frilled lizard (D)
  2 rats (D)
9 creatures vanquished.

Notes
Turn   | Place    | Note
-------+----------+-------------------------------------------
     0 | D        | rocky1 the Formicid Fighter began the quest for the Orb.
     0 | D        | Reached XP level 1. HP: 18/18 MP: 1/1
    48 | D        | Found a bloodstained altar of Trog.
    48 | D        | Found a shimmering blue altar of Sif Muna.
    48 | D        | Found a viscous altar of Jiyva.
    48 | D        | Found a hazy altar of Hepliaklqana.
    48 | D        | Found an opulent altar of Gozag.
    49 | D        | Found a glowing golden altar of the Shining One.
    49 | D        | Found a glowing silver altar of Zin.
    49 | D        | Found a basalt altar of Yredelemnul.
    49 | D        | Found a shimmering altar of Xom.
    49 | D        | Found an ornate altar of the Wu Jian Council.
    49 | D        | Found a sacrificial altar of Ru.
    49 | D        | Found a stormy altar of Qazlal.
    49 | D        | Found an iron altar of Okawaru.
    49 | D        | Found a sparkling altar of Nemelex Xobeh.
    49 | D        | Found a burning altar of Makhleb.
    49 | D        | Found a blossoming altar of Fedhas.
    49 | D        | Found a white marble altar of Elyvilon.
    49 | D        | Found a shadowy altar of Dithmenos.
    49 | D        | Found a snail-covered altar of Cheibriados.
    52 | D        | Found a corrupted altar of Lugonu.
    52 | D        | Found a radiant altar of Vehumet.
    53 | D        | Found an ancient bone altar of Kikubaaqudgha.
    53 | D        | Found a hide-covered altar of Uskayaw.
    53 | D        | Found a broken altar of Ashenzari.
    60 | D        | Became a worshipper of Cheibriados the Contemplative
    88 | D        | Reached skill level 4 in Shields
    88 | D        | Reached skill level 1 in Invocations
   112 | D        | Reached * piety under Cheibriados
   114 | D        | Reached XP level 2. HP: 24/24 MP: 1/3
   123 | D        | Reached ** piety under Cheibriados
   204 | D        | Noticed a wolf
   214 | D        | Slain by a wolf

Illustrated notes

Levels and vault maps discovered:
D:        pitsprint [storerooms_1, entrance_room_1, metal_vault_1, armoury_1,
          mini_pit_1, grid_room_1, main_hall_1, silver_pit, the_coven_1,
          the_vestibule_1, steel_vault_1, golden_pit, hallway_of_sentries,
          crystal_vault_3, iron_vault_2, final_vault]

Skill      XL: |  1 |
---------------+----+-----
Shields        | 4 |  4.4
Invocations    | 1 |  1.8
Axes           | 3 |  3.3
Fighting       | |  3.4
Armour         | |  3.4
Dodging        | |  0.4

Action                   || total
-------------------------++-------
Melee: War axe           ||    19
       Hand axe          ||     7
  Use: Potion            ||     1
Armor: Scale mail        ||    11
Dodge: Dodged            ||     8
Block: Kite shield       ||    14

Table legend: (Time is in decaauts)
 A = Elapsed time spent in this place.
 B = Non-inter-level travel time spent in this place.
 C = Inter-level travel time spent in this place.
 D = Time resting spent in this place.
 E = Time spent auto-exploring this place.
 F = Levels seen in this place.
 G = Mean time per level.
                   A        B        C        D        E       F      G
               +--------+--------+--------+--------+--------+-----+--------+
         Total |    266 |    266 |      0 |     17 |      0 |   1 |  266.0 |
       Dungeon |    266 |    266 |      0 |     17 |      0 |   1 |  266.0 |
               +--------+--------+--------+--------+--------+-----+--------+

Top non-repeatable levels by time:
       D: 266 daAuts
